 Dungeon Crawl Stone Soup version 0.15.2 (webtiles) character file.

20414 Heini the Bludgeoner (level 12, -5/115 HPs)
             Began as a Minotaur Fighter on Feb 5, 2015.
             Was a Priest of Okawaru.
             Killed by divine providence
             ... invoked by an orc priest
              (9 damage)
             ... on Level 11 of the Dungeon.
             The game lasted 00:29:59 (9840 turns).

Heini the Bludgeoner (Minotaur Fighter)             Turns: 9840, Time: 00:30:00

HP  -5/115       AC 22     Str 25      XL: 12   Next: 45%
MP   5/5         EV  5     Int  5      God: Okawaru [***...]
Gold 1869        SH 10     Dex 11      Spells:  0 memorised, 11 levels left

rFire  . . .     SeeInvis +     w - +6 flail (protect)
rCold  . . .     Clarity  .     q - +0 plate armour
rNeg   . . .     rCorr    .     c - +0 shield
rPois  .         rRot     .     (helmet restricted)
rElec  .         Spirit   .     B - +0 cloak
SustAb +         Warding  .     (no gloves)
rMut   .         Stasis   .     (no boots)
Gourm  .                        (no amulet)
MR     .....                    m - ring of see invisible
                                y - ring of sustain abilities

@: not resistant to hostile enchantments, extremely unstealthy
A: retaliatory headbutt, horns 2
a: Heroism, Renounce Religion


You were on level 11 of the Dungeon.
You worshipped Okawaru.
Okawaru was most pleased with you.
You were not hungry.

You visited 3 branches of the dungeon, and saw 13 of its levels.
You also visited: Bailey.

You collected 1895 gold pieces.
You spent 26 gold pieces at shops.

Inventory:

Hand weapons
 w - a +6 flail of protection (weapon)
Armour
 c - a +0 shield (worn)
 q - a +0 plate armour (worn)
 B - a +0 cloak (worn)
Magical devices
 a - a wand of invisibility (1)
 u - a wand of fireball (3) {unknown}
Comestibles
 d - 9 bread rations
 i - 2 meat rations
 n - a slice of pizza
 o - 4 chunks of yak flesh
 x - 4 fruits
Scrolls
 f - a scroll of fear
 g - 2 scrolls of magic mapping
 j - 3 scrolls of blinking
 s - 2 scrolls of remove curse
 v - a scroll of identify
 C - a scroll of fog
 D - 4 scrolls of recharging
 G - a scroll of enchant weapon
 H - 2 scrolls of teleportation
 I - a scroll of vulnerability {unknown}
Jewellery
 e - a +3 ring of slaying {unknown}
 l - an uncursed ring of stealth
 m - a ring of see invisible (right hand)
 r - an uncursed amulet of rage {unknown}
 y - a ring of sustain abilities (left hand)
Potions
 k - 3 potions of haste
 p - a potion of magic {unknown}
 t - a potion of restore abilities
 z - a potion of invisibility {unknown}
 A - 7 potions of curing
 E - 2 potions of resistance
 F - a potion of agility


   Skills:
 * Level 13.1 Fighting
 * Level 15.3 Maces & Flails
 * Level 14.0 Armour
 - Level 3.6 Shields
 + Level 0.4 Evocations


You had 11 spell levels left.
You didn't know any spells.

Dungeon Overview and Level Annotations

Branches:
Dungeon (11/15)            Temple (1/1) D:5             Orc (0/4) D:11
   Lair (1/8) D:8

Altars:
Ashenzari
Cheibriados
Dithmenos
Elyvilon
Fedhas
Kikubaaqudgha
Makhleb
Nemelex Xobeh
Okawaru
Qazlal
Sif Muna
Trog
Vehumet
Xom
Yredelemnul
Zin
The Shining One
Beogh

Shops:
D:5 *   D:9 ?

Portals:
Trove: D:11 (show abyssal rune of Zot)


Innate Abilities, Weirdness & Mutations

You reflexively headbutt those who attack you in melee.
You have a pair of horns on your head.


Message History

Something smites you!
* * * LOW HITPOINT WARNING * * *
Drink which item? (? for menu, Esc to quit)
You feel much better. You block the orc warrior's attack.
You block the orc's attack.
The orc priest calls down the wrath of Beogh upon you.
Something smites you!
* * * LOW HITPOINT WARNING * * *
The orc priest's eyes start to glow.
You block the orc warrior's attack.
You thump the orc!
You kill the orc!
The orc warrior grunts loudly.
The orc priest's eyes start to glow.
The orc priest calls down the wrath of Beogh upon you.
Something smites you!
* * * LOW HITPOINT WARNING * * *
The orc priest invokes the aid of Beogh against you.
Something smites you!
You die...

,,,,,,,* ##o#####**,,.oo.,**#
,,,,,,,*** #......#,,,.ooo.,,,#
,,,,,,,+,* ###.o....#,,,8...8.,,#
,,,,,,,#,**#........#,,..o....,,#
,,,,,,,*.,,#.#......#,,,,._.,,,,#
,,,,,,,*#.##.##.o...#,,,,,,,,,,,#
,,,,,,,*#.#...#.....#,,,8,,,8,,,#
,,,,,,,*#...∩.......#,,,,,,,,,,,#
****+***###...#.@...#,,,,,,,,,,,#
*,* ##.##.....#,,,,,,,,,,,* *,*
#....#.###*'*******'*# *,*
#####..# *,,,* *,,,# *,*
##'####,,,* *,,,# *,* #.....#,,,*
*,,,# *>* #.....###** *#### *,*
#.......# #... *,* #.......#
###...


You could see an orc warrior and 2 orc priests.

Vanquished Creatures
  3 hill giants
  2 orc knights (Bailey)
  An ugly thing (D:11)
  A griffon (D:7)
  Maurice (D:8)
  2 gargoyles
  A spiny frog (Lair:1)
  Psyche (D:9)
  Grinder (D:4)
  The ghost of Heini the Covered, an average MiFi of Okawaru (D:5)
  2 trolls
  3 polar bears (D:7)
  The ghost of mopl the Sinner, an average OpHe of Elyvilon (D:4)
  A spriggan (D:8)
  35 yaks
  A deep elf mage (D:9)
  A hungry ghost (D:9)
  A shadow (D:11)
  Grum (D:9)
  3 hippogriffs
  Edmund (D:5)
  12 wolves
  4 porcupines
  A water moccasin (D:9)
  7 orc warriors
  2 phantoms
  7 black bears (D:7)
  A sky beast (D:10)
  A manticore zombie (D:9)
  9 ogres
  6 centaurs
  Duvessa (D:9)
  A komodo dragon zombie (D:10)
  4 crocodiles (D:8)
  2 giant frogs (D:6)
  Blork the orc (D:4)
  A gnoll sergeant (D:5)
  A big kobold (D:8)
  6 scorpions
  4 killer bees (D:9)
  9 wights
  2 goliath beetles
  Dowan (D:9)
  A soldier ant zombie (D:10)
  3 orc priests
  8 orc wizards
  2 iguanas
  11 hounds
  4 worker ants
  Ijyb (D:6)
  11 gnolls
  7 adders
  2 green rats (Lair:1)
  An inept item mimic (D:3)
  A giant mite (D:5)
  A worm (D:4)
  5 shadow imps
  A gnoll zombie (D:8)
  2 orc skeletons
  5 giant geckos
  An ooze (D:2)
  39 orcs
  A ball python (D:2)
  15 bats
  2 giant cockroaches
  13 hobgoblins
  5 quokkas
  A giant gecko zombie (D:8)
  9 goblins
  A goblin skeleton (D:4)
  A hobgoblin skeleton (D:4)
  A hobgoblin zombie (D:7)
  8 jackals
  36 kobolds
  A kobold skeleton (D:4)
  7 rats
  A rat skeleton (D:4)
  7 ballistomycetes (D:6)
362 creatures vanquished.

Vanquished Creatures (others)
  2 giant spores (D:6)
2 creatures vanquished.

Grand Total: 364 creatures vanquished

Notes
Turn   | Place    | Note
--------------------------------------------------------------
     0 | D:1      | Heini, the Minotaur Fighter, began the quest for the Orb.
     0 | D:1      | Reached XP level 1. HP: 19/19 MP: 1/1
   211 | D:1      | Reached XP level 2. HP: 27/27 MP: 1/1
   221 | D:1      | Reached skill level 4 in Fighting
   614 | D:2      | Reached XP level 3. HP: 24/34 MP: 2/2
   953 | D:2      | Found a white marble altar of Elyvilon.
  1367 | D:2      | Reached skill level 5 in Armour
  1510 | D:3      | Reached XP level 4. HP: 39/41 MP: 2/2
  2099 | D:4      | Noticed Blork the orc
  2108 | D:4      | Killed Blork the orc
  2108 | D:4      | Reached skill level 5 in Fighting
  2108 | D:4      | Reached XP level 5. HP: 35/48 MP: 2/2
  2148 | D:4      | Noticed mopl's ghost (average OpHe)
  2159 | D:4      | Killed mopl's ghost
  2159 | D:4      | Reached skill level 6 in Armour
  2159 | D:4      | Reached XP level 6. HP: 37/56 MP: 3/3
  2314 | D:4      | Found a snail-covered altar of Cheibriados.
  2399 | D:4      | Noticed Grinder
  2408 | D:4      | Killed Grinder
  2408 | D:4      | Reached skill level 5 in Maces & Flails
  2408 | D:4      | Reached skill level 7 in Armour
  2408 | D:4      | Reached XP level 7. HP: 57/63 MP: 3/3
  2828 | D:5      | Entered Level 5 of the Dungeon
  2856 | D:5      | Noticed Heini's ghost (average MiFi)
  2884 | D:5      | Killed Heini's ghost
  2985 | D:5      | Noticed Edmund
  2999 | D:5      | Killed Edmund
  2999 | D:5      | Reached skill level 8 in Armour
  3027 | D:5      | Found Puidd's Assorted Antiques.
  3167 | D:5      | Found a staircase to the Ecumenical Temple.
  3231 | D:5      | Reached XP level 8. HP: 71/71 MP: 3/3
  4052 | D:6      | Reached skill level 9 in Armour
  4264 | D:6      | Noticed Ijyb
  4280 | D:6      | Reached XP level 9. HP: 77/82 MP: 4/4
  4282 | D:6      | Reached skill level 10 in Armour
  4306 | D:6      | Killed Ijyb
  4654 | D:7      | Found a shadowy altar of Dithmenos.
  5070 | D:7      | Noticed a griffon
  5090 | D:7      | Reached skill level 10 in Maces & Flails
  5095 | D:7      | Reached skill level 11 in Armour
  5108 | D:7      | Killed a griffon
  5108 | D:7      | Reached XP level 10. HP: 50/92 MP: 4/4
  5145 | D:7      | Reached skill level 10 in Fighting
  5846 | D:8      | Noticed Maurice
  5852 | D:8      | Reached skill level 12 in Armour
  5866 | D:8      | Killed Maurice
  6020 | D:8      | Reached XP level 11. HP: 38/101 MP: 4/4
  6376 | D:8      | Found a staircase to the Lair.
  6394 | Lair:1   | Entered Level 1 of the Lair of Beasts
  6542 | Lair:1   | Reached skill level 13 in Maces & Flails
  6746 | D:8      | HP: 5/104 [wolf (8)]
  6911 | Temple   | Entered the Ecumenical Temple
  6921 | Temple   | Became a worshipper of Warmaster Okawaru
  7221 | D:8      | Found a blossoming altar of Fedhas.
  7413 | D:8      | Found a sparkling altar of Nemelex Xobeh.
  7413 | D:8      | Found a burning altar of Makhleb.
  7906 | D:9      | Noticed Duvessa
  7907 | D:9      | Noticed Dowan
  7911 | D:9      | Killed Duvessa
  7913 | D:9      | Killed Dowan
  8014 | D:9      | Reached skill level 14 in Maces & Flails
  8051 | D:9      | Found a shadowy altar of Dithmenos.
  8075 | D:9      | Noticed Psyche
  8082 | D:9      | Killed Psyche
  8087 | D:9      | Noticed Grum
  8097 | D:9      | Killed Grum
  8131 | D:9      | Acquired Okawaru's first power
  8488 | D:9      | Found Teismoj's Magic Scroll Emporium.
  8493 | D:9      | Bought a scroll of identify for 26 gold pieces
  8519 | D:10     | Entered Level 10 of the Dungeon
  8696 | D:10     | Reached XP level 12. HP: 101/113 MP: 5/5
  8740 | D:10     | Noticed a hill giant
  8745 | D:10     | Killed a hill giant
  8923 | D:10     | Noticed a hill giant
  8931 | D:10     | Killed a hill giant
  9185 | D:11     | Found a flagged portal.
  9192 | Bailey   | Entered a bailey
  9382 | Bailey   | Reached skill level 15 in Maces & Flails
  9685 | D:11     | Found a portal to a secret trove of treasure.
  9756 | D:11     | Found a staircase to the Orcish Mines.
  9780 | D:11     | Found a roughly hewn altar of Beogh.
  9827 | D:11     | HP: 2/115 [orc priest/divine providence (13)]
  9837 | D:11     | HP: 3/115 [orc priest/divine providence (14)]
  9840 | D:11     | Killed from afar by an orc priest

Action                   |  1- 3 |  4- 6 |  7- 9 | 10-12 || total
-------------------------+-------+-------+-------+-------++-------
Melee: Flail             |    88 |    69 |   312 |   738 ||  1207
Invok: Heroism           |       |       |       |     1 ||     1
Evoke: Wand              |       |       |       |     2 ||     2
  Use: Scroll            |     4 |       |    11 |     8 ||    23
       Potion            |       |     1 |     1 |     7 ||     9
 Stab: Fleeing           |       |       |     1 |     1 ||     2
  Eat: Chunk             |     2 |     3 |     9 |    16 ||    30
       Fruit             |       |       |       |     1 ||     1
